Map: Magannatha LE

Players

jeannysu - Winner!

  • Race: Zerg Zerg
  • Spawn Location: 11:00

인공지능 칸 (정예)

  • Race: Protoss Protoss
  • Spawn Location: 5:00

VOD

Have the link to the VOD?

Description

Time

  • Played on: Sept. 29, 2025, 10:09 a.m.
  • Length: 18:05
Show
View Real Time Build Order
Export as new Build Order

jeannysu Zerg - Winner!

Build Orders: Hatch First 

Get SALT Encoding   

  12  0:00  Drone  
  13  0:08  Drone  
  14  0:15  Drone, Extractor  
  15  0:22  Overlord  
  15  0:43  Hatchery  
  15  0:46  Drone  
  16  0:50  Drone  
  16  0:53  Drone  
  17  0:57  Drone  
  18  1:05  Extractor  
  17  1:13  Spawning Pool  
  17  1:16  Drone  
  17  1:20  Drone  
  18  1:29  Drone  
  19  1:40  Drone  
  20  2:00  Zergling x4, Queen x2  
  26  2:02  Drone  
  26  2:07  Overlord  
  27  2:16  Drone  
  27  2:17  Metabolic Boost  
  28  2:25  Drone x2  
  28  2:28  Drone  
  31  2:40  Drone  
  31  2:42  Drone  
  33  2:44  Hatchery  
  33  2:50  Drone  
  33  2:51  Drone  
  34  2:59  Drone x2  
  34  3:05  Overlord  
  36  3:23  Drone  
  36  3:24  Drone  
  36  3:26  Overlord  
  38  3:27  Overlord  
  38  3:31  Drone  
  38  3:32  Drone x2  
  41  3:42  Zergling x2  
  42  3:48  Drone  
  42  3:49  Drone x3  
  42  3:54  Drone  
  42  3:55  Drone  
  48  4:02  Lair  
  48  4:04  Zergling x2  
  48  4:05  Zergling x4  
  48  4:08  Queen  
  48  4:09  Drone  
  54  4:18  Queen  
  54  4:21  Overlord  
  54  4:22  Drone  
  54  4:23  Drone x4  
  61  4:42  Drone  
  61  4:43  Drone x5  
  67  4:53  Queen  
  67  4:54  Queen  
  67  4:55  Drone x3  
  67  4:57  Overlord  
  74  5:05  Spire  
  74  5:06  Extractor  
  72  5:08  Extractor  
  72  5:09  Drone x3  
  72  5:10  Extractor  
  72  5:12  Extractor  
  72  5:14  Extractor  
  71  5:21  Baneling Nest, Zergling x4  
  71  5:22  Zergling x14  
  79  5:37  Hatchery  
  79  5:39  Drone  
  79  5:40  Drone x3  
  79  5:42  Overlord x2  
  82  6:05  Drone x5  
  82  6:07  Zergling x8  
  82  6:08  Zergling x12  
  97  6:18  Evolution Chamber  
  96  6:22  Overlord x4  
  96  6:32  Zerg Flyer Weapons Level 1  
  96  6:36  Drone x2  
  98  6:42  Baneling  
  98  6:43  Baneling x13  
  98  6:44  Baneling x10  
  98  6:52  Centrifugal Hooks  
  98  6:54  Mutalisk  
  98  6:55  Mutalisk x2  
  104  7:05  Drone x13  
  117  7:13  Overseer  
  117  7:14  Zerg Ground Armor Level 1  
  117  7:22  Mutalisk  
  117  7:23  Mutalisk  
  121  7:34  Drone  
  121  7:35  Drone x6  
  128  7:37  Extractor  
  128  7:38  Extractor, Queen  
  128  7:48  Overlord  
  128  7:49  Overlord x4  
  128  8:09  Mutalisk, Infestation Pit  
  128  8:10  Mutalisk x6  
  141  8:16  Zergling x18  
  141  8:17  Zergling x6  
  153  8:32  Mutalisk  
  153  8:33  Mutalisk x3  
  161  8:37  Hatchery  
  160  8:46  Overlord x3  
  160  8:47  Overlord x3  
  138  9:05  Zergling x2  
  138  9:06  Zergling x28  
  118  9:18  Zergling x2  
  118  9:19  Zergling x10  
  114  9:24  Queen  
  108  9:40  Drone  
  108  9:41  Drone x9  
  108  9:45  Baneling x7  
  118  9:46  Baneling x7  
  118  9:59  Queen  
  118  10:02  Mutalisk  
  118  10:03  Mutalisk x12  
  146  10:11  Hive  
  146  10:16  Zergling x8  
  146  10:17  Zergling x8  
  143  10:35  Zergling x28  
  148  10:36  Zergling x4  
  148  10:40  Baneling  
  148  10:41  Baneling x11  
  153  10:56  Mutalisk x5  
  153  10:57  Mutalisk x2  
  155  11:02  Zergling x10  
  155  11:03  Zergling x18  
  181  11:05  Hatchery  
  180  11:15  Evolution Chamber  
  180  11:17  Hatchery  
  178  11:24  Mutalisk x2  
  178  11:25  Mutalisk x4  
  190  11:38  Zerg Flyer Weapons Level 2  
  188  12:09  Zergling x2  
  188  12:10  Zergling x22  
  198  12:24  Baneling  
  198  12:25  Baneling x12  
  198  12:34  Zerg Ground Armor Level 2  
  198  12:37  Ultralisk Cavern  
  195  12:48  Zergling x8  
  188  13:10  Zergling x2  
  188  13:11  Zergling x24  
  200  13:16  Baneling x16  
  200  13:17  Baneling x5  
  200  13:21  Adrenal Glands  
  200  13:24  Chitinous Plating  
  190  13:56  Ultralisk  
  143  14:32  Ultralisk x2  
  143  14:33  Ultralisk x4  
  143  14:34  Zergling x2  
  143  14:35  Zergling x32  
  143  14:36  Zergling x8  
  180  14:42  Anabolic Synthesis  
  174  14:48  Greater Spire  
  174  14:50  Zerg Melee Weapons Level 1  
  174  14:54  Zerg Ground Armor Level 3  
  174  15:10  Corruptor  
  174  15:11  Corruptor x10  
  196  15:23  Baneling x11  
  196  15:32  Extractor  
  195  15:38  Overseer  
  195  15:39  Overseer x4  
  195  15:41  Spore Crawler  
  194  15:44  Extractor  
  194  15:47  Extractor  
  194  15:49  Extractor  
  185  16:41  Brood Lord x6  
  185  16:42  Brood Lord  
  199  16:49  Extractor  
  198  17:33  Brood Lord x2  
Show
View Real Time Build Order
Export as new Build Order

인공지능 칸 (정예) Protoss 

Build Orders: Zealot Archon 

Get SALT Encoding   

  12  0:00  Probe  
  13  0:13  Probe  
  14  0:19  Pylon  
  14  0:25  Probe  
  15  0:33  Probe  
  15  0:41  Probe  
  16  0:48  Assimilator  
  17  0:51  Gateway, Probe  
  18  0:59  Pylon, Probe  
  19  1:07  Probe  
  19  1:17  Probe  
  21  1:30  Probe  
  22  1:39  Zealot  
  24  1:42  Probe  
  25  1:48  Nexus  
  25  2:00  Cybernetics Core  
  25  2:10  Gateway  
  25  2:11  Zealot  
  25  2:16  Pylon  
  27  2:24  Probe  
  27  2:36  Probe  
  28  2:37  Warp Gate  
  28  2:38  Assimilator  
  28  2:46  Adept  
  28  2:48  Probe  
  31  2:51  Adept  
  31  2:56  Probe  
  33  3:00  Probe  
  33  3:04  Pylon, Probe  
  36  3:14  Stalker  
  36  3:15  Stalker  
  38  3:25  Probe  
  41  3:33  Gateway  
  41  3:34  Probe  
  41  3:41  Stalker  
  42  3:42  Probe  
  42  3:45  Stalker  
  45  3:51  Probe  
  45  3:54  Probe  
  49  3:59  Probe  
  49  4:03  Stalker  
  49  4:06  Probe  
  49  4:07  Probe  
  49  4:08  Stalker  
  56  4:17  Probe  
  56  4:18  Probe  
  58  4:27  Pylon, Stalker  
  58  4:29  Probe  
  58  4:31  Probe  
  62  4:35  Pylon  
  62  4:45  Probe x2, Stalker  
  62  4:46  Stalker  
  62  4:52  Stalker  
  70  4:57  Probe  
  70  4:58  Pylon, Probe  
  72  5:05  Pylon, Probe  
  72  5:08  Probe, Stalker  
  72  5:13  Probe  
  72  5:14  Stalker  
  78  5:16  Probe, Stalker  
  82  5:23  Pylon  
  82  5:24  Probe  
  82  5:25  Probe  
  83  5:32  Stalker  
  86  5:36  Probe, Stalker  
  86  5:40  Stalker  
  86  5:41  Probe  
  92  5:46  Twilight Council  
  92  5:48  Probe  
  92  5:53  Pylon  
  92  5:55  Sentry  
  94  6:00  Assimilator  
  94  6:02  Assimilator  
  94  6:05  Zealot  
  96  6:12  Pylon  
  96  6:25  Zealot x2  
  100  6:27  Templar Archives, Zealot  
  102  6:33  Pylon  
  102  6:35  Nexus  
  102  6:49  Forge  
  102  6:54  Forge  
  102  6:56  Sentry  
  104  7:03  High Templar  
  104  7:04  High Templar  
  108  7:10  Robotics Facility  
  108  7:22  Pylon  
  108  7:30  Psionic Storm  
  108  7:33  Gateway  
  108  7:37  Archon  
  108  7:38  High Templar  
  108  7:42  Photon Cannon  
  110  7:44  Pylon  
  110  7:47  Probe  
  110  7:48  Probe x2  
  113  7:53  High Templar  
  113  7:57  Assimilator  
  115  7:59  Observer  
  115  8:00  Probe x2  
  115  8:01  Probe  
  119  8:08  Pylon, Protoss Ground Weapons Level 1  
  119  8:09  Assimilator  
  119  8:10  Probe  
  119  8:12  Probe, Photon Cannon  
  121  8:13  Probe  
  121  8:15  Archon, Photon Cannon  
  122  8:21  Probe, Warp Prism  
  122  8:22  Protoss Ground Armor Level 1, Probe  
  122  8:23  High Templar  
  122  8:24  Probe  
  129  8:31  Probe  
  129  8:33  Pylon, Probe, Photon Cannon  
  130  8:35  High Templar  
  130  8:36  Probe  
  134  8:43  Probe  
  134  8:45  Probe  
  134  8:47  Archon  
  134  8:48  Probe  
  137  8:49  Adept  
  137  8:50  Photon Cannon  
  137  8:54  Photon Cannon  
  139  8:55  Zealot, Nexus  
  139  8:56  Zealot  
  139  8:57  Immortal  
  131  9:07  Zealot  
  131  9:09  High Templar  
  121  9:15  Sentry  
  121  9:16  Stalker  
  107  9:27  Zealot  
  99  9:33  Zealot  
  99  9:36  Immortal  
  99  9:38  High Templar  
  99  9:42  Adept  
  103  9:46  Gateway  
  103  9:47  Stalker  
  103  9:49  Sentry  
  107  10:02  Stalker  
  107  10:06  Zealot  
  111  10:07  Archon  
  111  10:08  Robotics Facility  
  111  10:10  Sentry, High Templar  
  115  10:15  Observer  
  115  10:17  Assimilator, Nexus  
  115  10:20  Pylon  
  116  10:22  Zealot  
  116  10:25  Probe, Stalker  
  113  10:30  Probe x2  
  113  10:33  High Templar, Warp Prism  
  118  10:35  Assimilator  
  118  10:40  Stalker, Sentry  
  118  10:41  Photon Cannon  
  118  10:42  Stalker, Zealot  
  124  10:44  Pylon  
  124  10:47  Immortal, Archon  
  130  11:01  High Templar, Adept  
  130  11:03  Stalker  
  136  11:05  Stalker  
  136  11:06  High Templar  
  136  11:11  Protoss Ground Weapons Level 2  
  140  11:15  Stalker  
  140  11:18  Photon Cannon  
  142  11:22  Photon Cannon  
  142  11:26  Stalker  
  142  11:28  Stalker  
  142  11:29  Blink  
  146  11:33  Archon  
  146  11:34  High Templar  
  146  11:36  Stalker  
  146  11:38  Stalker  
  152  11:42  Adept  
  152  11:47  Probe x2  
  152  11:48  Probe x2  
  152  11:51  Stalker  
  146  11:56  Stalker  
  146  11:59  Probe x2, Stalker  
  146  12:00  Probe  
  151  12:01  Zealot  
  151  12:06  Stalker  
  154  12:08  Nexus  
  154  12:11  Probe  
  154  12:12  Probe  
  154  12:14  Stalker  
  157  12:17  Zealot  
  157  12:21  High Templar  
  157  12:22  Zealot  
  159  12:31  Pylon  
  159  12:34  Pylon  
  159  12:52  Probe, Zealot  
  159  12:53  Assimilator  
  159  12:54  Probe  
  159  12:58  Probe  
  152  13:00  Pylon  
  152  13:11  Nexus  
  152  13:17  Templar Archives  
  152  13:24  Probe  
  149  13:40  Pylon  
  146  13:42  Nexus  
  128  13:56  Probe  
  128  13:57  Nexus  
  129  14:21  Pylon  
  119  14:27  High Templar  
  119  14:28  High Templar  
  87  14:49  Archon, High Templar  
  89  14:56  High Templar  
  91  15:07  Nexus  
  91  15:24  Archon  
  91  15:25  High Templar  
  93  15:29  Pylon  
  93  15:32  High Templar  
  95  16:03  Probe  
  96  16:05  Nexus  
  96  16:08  Probe  
  97  16:12  Probe  
  98  16:47  Probe  
  98  16:53  Probe  
  99  16:58  Probe, Nexus  
  99  16:59  Probe  
  99  17:01  Probe  
  102  17:09  Probe  
  102  17:10  Probe  
  104  17:16  Probe  
  104  17:18  Probe  
  104  17:23  Probe  
  104  17:28  Probe, Archon  
  98  17:34  Stalker  
  82  17:37  High Templar  
  82  17:40  High Templar  
  48  17:57  Zealot  
  37  18:03  Adept  
Tags
 
Composition
Zealot Archon
Matchup
PvZ
Replay Pack
새 폴더
Spawn Locations
Cross Positions
Add a new tag
Caveats
  • Supply blocks, unpowered buildings, or Contaminate may cause inaccurate times.
  • Supply counts are checked every 10 seconds.